 Dungeon Crawl Stone Soup version 0.23.2-33-g5129a83184 (webtiles) character file.

Game seed: 5302306134658766768

134 lepoulpe303 the Grave Robber (level 4, -1/39 HPs)
             Began as a Deep Dwarf Necromancer on June 27, 2019.
             Slain by an orc
             ... wielding a +1 trident of protection
              (4 damage)
             ... on level 4 of the Dungeon.
             The game lasted 00:21:10 (3584 turns).

lepoulpe303 the Grave Robber (DDNe)                 Turns: 3584, Time: 00:21:10

Health: -1/39      AC:  3    Str: 12    XL:     4   Next: 95%
Magic:  1/7        EV: 13    Int: 16    God:
Gold:   185        SH:  0    Dex: 13    Spells: 2/7 levels left

rFire    . . .     SeeInvis .   a - +3 short sword
rCold    . . .     Gourm    .   (no shield)
rNeg     . . .     Faith    .   c - +0 robe
rPois    .         Spirit   .   (no helmet)
rElec    .         Reflect  .   (no cloak)
rCorr    .         Harm     .   r - +0 pair of gloves
MR       .....                  (no boots)
Stlth    ++........             (no amulet)
HPRegen  0.00/turn              (no ring)
MPRegen  0.10/turn              (no ring)

@: lethally poisoned (-1 -> -1), non-regenerating
A: damage resistance, heal wounds, sense surroundings 1, no regeneration
a: Heal Wounds


You were on level 4 of the Dungeon.
You were very hungry.

You visited 1 branch of the dungeon, and saw 4 of its levels.

You collected 185 gold pieces.

Inventory:

Hand Weapons
 a - a +3 short sword (weapon)
 s - a +4 dagger
 w - a +0 blowgun
Missiles
 u - 22 poisoned needles
 Q - 65 stones (quivered)
Armour
 c - a +0 robe (worn)
 r - a +0 pair of gloves (worn)
Magical Staves
 b - an uncursed staff of wizardry {wiz+, !a}
Jewellery
 n - a +2 ring of evasion {unknown}
Scrolls
 d - a scroll of noise {!r}
 h - a scroll of remove curse {unknown}
 j - a scroll of magic mapping {unknown}
 k - a scroll of enchant weapon
 l - a scroll of fog {unknown}
 o - a scroll of immolation {!r}
 y - a scroll of blinking {unknown}
Potions
 f - a potion of resistance {unknown}
 m - a potion of agility {unknown}
 p - 2 potions of curing {unknown}
 q - 2 potions of lignification {unknown}
 t - a potion of haste {unknown}
 v - 3 potions of mutation {unknown}
Comestibles
 e - 7 rations
 x - 2 chunks of flesh


   Skills:
 * Level 2.0 Fighting
 + Level 1.2 Short Blades
 + Level 2.9 Dodging
 + Level 3.1 Stealth
 + Level 2.2 Spellcasting
 * Level 5.1 Necromancy


You had 2 spell levels left.
You knew the following spells:

 Your Spells              Type           Power        Failure   Level  Hunger
a - Pain                  Necr           ###.         2%          1    #......
x - Vampiric Draining     Necr           ###.......   8%          3    ###....
A - Animate Skeleton      Necr           N/A          2%          1    #......

Your spell library contained the following spells:

 Spells                   Type           Power        Failure   Level  Hunger
 Animate Dead             Necr           N/A          26%         4    #####..
 Regeneration             Chrm/Necr      Unusable     N/A         3    N/A

Dungeon Overview and Level Annotations

Branches:
Dungeon (4/15)
 Temple: D:4-7

Altars:
Cheibriados
Gozag
Okawaru
Trog
Uskayaw
Wu Jian


Innate Abilities, Weirdness & Mutations

You are resistant to damage.
You can heal yourself by infusing magical energy.
You passively map a small area around you.
You do not regenerate.


Message History

The howler monkey hoots and howls with incredible vigour!
The worker ant closely misses you.
You hear an angry hiss.
You now have 0/7 mp.
The orc wizard hits you with a +0 dagger.
You hit the orc wizard. The orc wizard misses you.
The orc wizard closely misses you.
You barely miss the orc wizard. The orc wizard completely misses you.
You hit the orc wizard.
The orc wizard hits you with a +0 dagger.
The orc wizard points at you and mumbles some strange words.
The magic dart hits you!
* * * LOW HITPOINT WARNING * * *
You take 5 damage, and have 3/39 hp.
You hit the orc wizard but do no damage.
The orc wizard hits you but does no damage. x2
You hit the orc wizard.
You hear the rusting of a very distant drain.
The orc hits you from afar with a +1 trident of protection.
You die...

* * ,### ** ##. ,..# *
##.# ,..## #..###...# , ,
, ##........#* , ##...##@#
..* ####.....
#....ao##..## ##......#.
##...ooo.....# #.........
#.............#.......h..
###...........>.. #.......
#.>....##..h.... #.......
#....###........###....#..
##....#........##.........
#.......[.......o.....#..


You could see a worker ant, an orc wizard and 3 orcs.

Levels and vault maps discovered:
D:1:      sevenhm_arrival_forest_fort_large_3, layout_loops_ring,
          minmay_heptomino_o4
D:2:      layout_loops_ring
D:3:      wander_river, layout_basic, grunt_gozag_breadcrumbs,
          chequers_temple_overflow_statue_of_worship,
          lemuel_coloured_pillars_altar, eat_drink_and_be_merry_uskayaw
D:4:      layout_cave_pools, serial_shops, shop, portal_sewer_entry_b,
          kennysheep_small_spiral

Notes
Turn   | Place    | Note
-------+----------+-------------------------------------------
     0 | D:1      | lepoulpe303 the Deep Dwarf Necromancer began the quest for
                  | the Orb.
     0 | D:1      | Reached XP level 1. HP: 15/15 MP: 3/3
     2 | D:1      | Identified a +0 club
    99 | D:1      | Identified a +3 short sword
   174 | D:1      | Reached XP level 2. HP: 22/24 MP: 0/4
   179 | D:1      | Learned a level 1 spell: Animate Skeleton
   337 | D:1      | Identified a +0 club
   346 | D:1      | Identified a +0 dagger
   350 | D:1      | Reached skill level 2 in Spellcasting
   437 | D:1      | Identified a +0 club
   441 | D:1      | Reached skill level 1 in Fighting
   471 | D:1      | Identified 2 scrolls of noise
   524 | D:1      | Identified a +0 dagger
   554 | D:1      | You fall through a shaft!
   561 | D:2      | Reached XP level 3. HP: 16/31 MP: 6/6
   566 | D:2      | Learned a level 3 spell: Vampiric Draining
   693 | D:1      | Identified a +0 club
   727 | D:1      | Identified a +0 dagger
   841 | D:1      | Identified a +0 club
  2152 | D:2      | Identified a +0 pair of gloves (You found it on level 2 of
                  | the Dungeon)
  2178 | D:3      | Found a hide-covered altar of Uskayaw.
  2192 | D:3      | Found a bloodstained altar of Trog.
  2196 | D:3      | Found an ornate altar of the Wu Jian Council.
  2196 | D:3      | Found an iron altar of Okawaru.
  2211 | D:3      | Identified 2 scrolls of enchant weapon
  2212 | D:3      | Identified 2 scrolls of immolation
  2574 | D:3      | Identified a +0 club
  2610 | D:3      | Found an opulent altar of Gozag.
  2672 | D:3      | Identified a +0 dagger
  2681 | D:3      | Reached XP level 4. HP: 32/38 MP: 7/7
  2682 | D:3      | Identified a +0 club
  2853 | D:3      | Identified a +0 club
  3025 | D:3      | Identified a +0 club
  3025 | D:3      | Identified a +0 blowgun
  3034 | D:3      | Identified a +0 club
  3212 | D:3      | Reached skill level 3 in Stealth
  3285 | D:3      | Reached skill level 1 in Short Blades
  3326 | D:3      | Found a snail-covered altar of Cheibriados.
  3340 | D:3      | Identified 3 scrolls of identify
  3340 | D:3      | Identified an amulet of inaccuracy (You found it on level 1
                  | of the Dungeon)
  3342 | D:3      | Identified a +4 dagger (You found it on level 3 of the
                  | Dungeon)
  3446 | D:4      | Reached skill level 5 in Necromancy
  3478 | D:4      | Identified a +0 falchion
  3478 | D:4      | Identified a +0 ring mail
  3483 | D:4      | Identified a +0 dagger
  3483 | D:4      | Identified a +0 ring mail
  3486 | D:4      | Identified a +1 trident of protection
  3488 | D:4      | Identified a +0 dagger
  3488 | D:4      | Identified a cursed +0 robe
  3489 | D:4      | Identified a cursed +0 hand axe
  3517 | D:4      | Identified a +0 club
  3553 | D:4      | Reached skill level 2 in Fighting
  3564 | D:4      | Identified a +0 dagger
  3564 | D:4      | Identified a +0 leather armour
  3575 | D:4      | HP: 7/39 [orc wizard/magic dart (5)]
  3582 | D:4      | HP: 3/39 [orc wizard/magic dart (5)]
  3584 | D:4      | Slain by an orc

Table legend:
 A = Turns spent in this place as a percentage of turns spent in the entire game.
 B = Non-inter-level travel turns spent in this place as a percentage of non-inter-level travel turns spent in the entire game.
 C = Inter-level travel turns spent in this place as a percentage of turns spent in this place.
 D = Turns resting spent in this place as a percentage of non-inter-level travel turns spent in this place.
 E = Turns spent auto-exploring this place as a percentage of non-inter-level travel turns spent in this place.
 F = Non-inter-level travel turns spent in this place divided by the number of levels of this place that you've seen.
                   A       B       C       D       E      F
               +-------+-------+-------+-------+-------+----------------------
         Total | 100.0 | 100.0 |   4.3 |  14.4 |  55.8 | 857.8
       Dungeon | 100.0 | 100.0 |   4.3 |  14.4 |  55.8 | 857.8
               +-------+-------+-------+-------+-------+----------------------

Table legend:
 A = Kills in this place as a percentage of kills in entire the game.
 B = Kills by you in this place as a percentage of kills by you in the entire game.
 C = Kills by friends in this place as a percentage of kills by friends in the entire game.
 D = Other kills in this place as a percentage of other kills in the entire game.
 E = Experience gained in this place as a percentage of experience gained in the entire game.
 F = Experience gained in this place divided by the number of levels of this place that you have seen.
                   A       B       C       D       E      F
               +-------+-------+-------+-------+-------+----------------------
         Total | 100.0 | 100.0 | 100.0 |   N/A | 100.0 |  48.0
       Dungeon | 100.0 | 100.0 | 100.0 |   N/A | 100.0 |  48.0
               +-------+-------+-------+-------+-------+----------------------

Skill      XL: |  1  2  3  4 |
---------------+-------------+-----
Spellcasting   | 2 |  2.2
Fighting       | 1 2 |  2.0
Stealth        | 3 |  3.1
Short Blades   | 1 |  1.2
Necromancy     | 5 |  5.1
Dodging        | |  2.9

Action                   |  1- 3 |  4- 6 || total
-------------------------+-------+-------++-------
Melee: Short sword       |    92 |    45 ||   137
 Cast: Pain              |    21 |     2 ||    23
       Animate Skeleton  |     7 |     2 ||     9
       Vampiric Draining |    24 |    12 ||    36
  Use: Scroll            |     3 |     3 ||     6
 Stab: Sleeping          |     6 |     1 ||     7
  Eat: Chunk             |     6 |     3 ||     9
       Ration            |     1 |       ||     1
Armor: Robe              |    30 |    20 ||    50
Dodge: Dodged            |    85 |    43 ||   128

Vanquished Creatures
  An iguana (D:4)
  2 adders
  3 worms
  A dart slug (D:1)
  A leopard gecko (D:1)
  3 orcs (D:4)
  9 giant cockroaches
  6 goblins
  7 hobgoblins
  3 jackals (D:1)
  2 quokkas
  6 bats
  8 frilled lizards
  12 kobolds
  11 rats
75 creatures vanquished.

Vanquished Creatures (collateral kills)
  A ball python (D:1)
1 creature vanquished.

Grand Total: 76 creatures vanquished
